 Dungeon Crawl Stone Soup version 0.23-a0-143-g1adec7b (webtiles) character file.

219 galech the Chopper (level 5, -1/41 HPs)
             Began as a Demonspawn Monk on Sept 4, 2018.
             Killed by nerve-wracking pain
             ... invoked by a shadow imp
              (8 damage)
             ... on level 5 of the Dungeon.
             The game lasted 00:04:11 (3987 turns).

galech the Chopper (Demonspawn Monk)                Turns: 3987, Time: 00:04:12

Health: -1/41      AC: 14    Str: 12    XL:     5   Next: 63%
Magic:  5/5        EV:  6    Int: 11    God:
Gold:   151        SH:  0    Dex: 16    Spells: 4/4 levels left

rFire    + . .     SeeInvis .   a - +0 hand axe
rCold    . . .     Gourm    .   (no shield)
rNeg     . . .     Faith    .   l - +4 chain mail {rF+}
rPois    .         Spirit   .   (no helmet)
rElec    .         Reflect  .   (no cloak)
rCorr    .         Harm     .   (no gloves)
MR       .....                  (no boots)
Stlth    ..........             (no amulet)
HPRegen  0.13/turn              f - ring of attention (curse)
MPRegen  0.09/turn              (no ring)

@: no status effects
A: molten scales 1, powered by pain 1
a: no special abilities


You were on level 5 of the Dungeon.
You were not hungry.

You visited 1 branch of the dungeon, and saw 5 of its levels.

You collected 151 gold pieces.

Inventory:

Hand Weapons
 a - a +0 hand axe (weapon)
Armour
 l - a +4 chain mail of fire resistance (worn)
Jewellery
 f - a cursed ring of attention (left hand)
 o - a +2 ring of protection {unknown}
Scrolls
 b - 2 scrolls of enchant weapon {unknown}
 d - a scroll of random uselessness {unknown}
 e - 8 scrolls of identify {unknown}
 g - a scroll of amnesia {unknown}
 h - 5 scrolls of teleportation {unknown}
 i - 2 scrolls of remove curse {unknown}
 k - a scroll of enchant armour {unknown}
 q - a scroll of blinking {unknown}
Potions
 j - a potion of might {unknown}
 m - a potion of resistance {unknown}
 n - a potion of lignification {unknown}
 p - a potion of agility {unknown}
Comestibles
 c - 10 rations


   Skills:
 + Level 3.6 Fighting
 + Level 4.4 Axes
 + Level 1.5 Armour
 + Level 3.5 Dodging
 + Level 2.2 Stealth


You had 4 spell levels left.
You didn't know any spells.
Your spell library was empty.

Dungeon Overview and Level Annotations

Branches:
Dungeon (5/15)
 Temple: D:4-7

Altars:
Ashenzari
Nemelex Xobeh
Uskayaw
Xom


Innate Abilities, Weirdness & Mutations

You are partially covered in molten scales. (AC +2)
You sometimes gain a little power by taking damage.


Message History

Your chain mail prevents you from hitting the shadow imp.
The shadow imp is heavily wounded.
The shadow imp hits you but does no damage.
You closely miss the shadow imp.
The shadow imp is heavily wounded.
The shadow imp hits you but does no damage.
You completely miss the shadow imp.
The shadow imp is heavily wounded.
The shadow imp barely misses you.
You hit the shadow imp.
The shadow imp is heavily wounded.
The shadow imp hits you but does no damage.
You barely miss the shadow imp.
The shadow imp is heavily wounded.
The shadow imp closely misses you.
You closely miss the shadow imp.
The shadow imp is heavily wounded.
The shadow imp gestures at you. Pain shoots through your body!
You die...

##+## #.###...##
#........##
###...)...## # .
#.........##.#....
+.........@5......
#.........##.#....
##.......## # .
##.....## ##...##
##+##


You could see a shadow imp.

Vanquished Creatures
  An orc wizard (D:5)
  An iguana (D:5)
  Terence (D:2)
  5 adders
  An ooze (D:3)
  4 worms
  A dart slug (D:3)
  7 orcs
  2 giant cockroaches (D:3)
  6 goblins
  5 hobgoblins
  11 jackals
  2 quokkas (D:2)
  7 bats
  5 frilled lizards
  7 kobolds
  A leopard gecko skeleton (D:3)
  4 rats
71 creatures vanquished.

Vanquished Creatures (others)
  An orc (D:2)
1 creature vanquished.

Grand Total: 72 creatures vanquished

Notes
Turn   | Place    | Note
-------+----------+-------------------------------------------
     0 | D:1      | galech the Demonspawn Monk began the quest for the Orb.
     0 | D:1      | Reached XP level 1. HP: 18/18 MP: 1/1
   575 | D:2      | Reached skill level 3 in Axes
   575 | D:2      | Gained mutation: You are partially covered in molten
                  | scales. (AC +2) [demonic ancestry]
   575 | D:2      | Reached XP level 2. HP: 12/24 MP: 2/2
  1154 | D:2      | Gained mutation: You sometimes gain a little power by
                  | taking damage. [demonic ancestry]
  1154 | D:2      | Reached XP level 3. HP: 18/29 MP: 3/3
  1293 | D:2      | Found a sparkling altar of Nemelex Xobeh.
  1323 | D:2      | Noticed Terence
  1352 | D:2      | Killed Terence
  1803 | D:2      | Reached XP level 4. HP: 25/35 MP: 4/4
  3028 | D:3      | Found a hide-covered altar of Uskayaw.
  3195 | D:3      | Found a shimmering altar of Xom.
  3258 | D:3      | Reached skill level 1 in Armour
  3355 | D:3      | Reached skill level 4 in Axes
  3355 | D:3      | Reached XP level 5. HP: 32/41 MP: 5/5
  3363 | D:3      | Found a shimmering altar of Xom.
  3769 | D:3      | Found a shattered altar of Ashenzari.
  3874 | D:5      | Entered Level 5 of the Dungeon
  3987 | D:5      | Killed from afar by a shadow imp

Vault maps used:
D:1:      nzn_arrival_water_spiral
D:2:      cheibrodos_old_hovel, nicolae_overflow_hidden_temple, uniq_terence
D:3:      lemuel_crystal_altar, chequers_temple_overflow_statue_of_worship,
          tgw_xom
D:4:      kennysheep_mini_moat, kennysheep_mini, minmay_temple_entry_glass,
          first_ration
D:5:      zin_purify, kennysheep_little_box, uniq_edmund, uniq_pikel

Skill      XL: |  1  2  3  4 |
---------------+-------------+-----
Axes           | 3 4 |  4.4
Dodging        | 3 |  3.5
Stealth        | 2 |  2.2
Armour         | 1 |  1.5
Fighting       | |  3.6

Action                   |  1- 3 |  4- 6 || total
-------------------------+-------+-------++-------
Melee: Hand axe          |   110 |   226 ||   336
 Stab: Sleeping          |     3 |       ||     3
  Eat: Chunk             |     3 |     7 ||    10
Armor: Robe              |    15 |       ||    15
       Ring mail         |     8 |       ||     8
       Chain mail        |    28 |   243 ||   271
Dodge: Dodged            |    65 |    91 ||   156

Table legend:
 A = Non-vault XP
 B = Vault XP
 C = Vault XP percentage of total XP
 D = Non-vault monster count
 E = Vault monster count
 F = Vault count percentage of total count
                 A         B        C        D         E       F
            +---------+---------+-------+---------+---------+-------
      Total |     255 |      58 |  18.5 |      66 |       6 |   8.3
            +---------+---------+-------+---------+---------+-------
        D:1 |      10 |       0 |   0.0 |       8 |       0 |   0.0
        D:2 |      67 |      49 |  42.2 |      23 |       2 |   8.0
        D:3 |      85 |       9 |   9.6 |      32 |       4 |  11.1
        D:5 |      93 |       0 |   0.0 |       3 |       0 |   0.0
            +---------+---------+-------+---------+---------+-------
